[Event "NY Presidents Day IM-B 2024"]
[Site "New York"]
[Date "2024.02.16"]
[Round "2.4"]
[White "Xu, Grant"]
[Black "Graif, William"]
[Result "1-0"]
[ECO "B21"]
[WhiteElo "2313"]
[BlackElo "2302"]
[Annotator "TA"]
[PlyCount "101"]
[EventDate "2024.02.14"]
[EventType "schev"]
[EventCountry "USA"]
[SourceTitle "playchess.com"]
[Source "ChessBase"]
[SourceQuality "1"]
[TimeControl "5400+30"]

1. e4 c5 2. d4 cxd4 3. c3 dxc3 4. Nxc3 Nc6 5. Nf3 e6 6. Bc4 Bb4 7. O-O Nge7 8. Qc2 {[%emt 0:00:32] B21: Sicilian: 2 f4 and Morra Gambit.} O-O 9. Rd1 Ng6 10. a3 Be7 11. Be3 b6 $146 ({Predecessor:} 11... a6 12. Rd2 b5 13. Ba2 Rb8 14. Qd1 b4 15. axb4 Rxb4 16. Bb3 Na5 17. Ra3 Rb8 {0-1 Xu,G (2231)-Chasin,N (2243) New York Winter IM-D 2022 (6)}) 12. Rd2 Bb7 13. Rad1 Qc8 14. Be2 (14. Rxd7 Nb8 15. Rxe7 Nxe7 $17) 14... d6 15. Nb5 Nce5 16. Nxe5 dxe5 17. f3 (17. Nc7 $5 Rb8 $8 (17... Bxe4 18. Qxe4 Qxc7 19. Rc2 $16) 18. Bb5 $16) 17... Ba6 18. Rc1 Nf4 19. Bf1 Rd8 $2 (19... Qxc2 $11 20. Rcxc2 Bg5) 20. Nc7 $2 (20. Qa4 $1 $18 Bc5 (20... Qxc1 $2 21. Rxd8+ Rxd8 22. Bxc1 $18) 21. Rxd8+ Qxd8 22. Rxc5 bxc5 23. Qxa6) 20... Bc5 $14 21. Rxd8+ Qxd8 22. Bxc5 Bxf1 23. Nxa8 Bd3 $1 24. Bxb6 $1 Qf8 (24... Bxc2 $14 25. Bxd8 Ne2+ 26. Kf1 Nxc1) 25. Qc8 ({Resist} 25. Bc5 $6 Bxc2 26. Bxf8 Ne2+ 27. Kf1 Nxc1 $14) 25... Ne2+ 26. Kf2 Nxc1 27. Qxf8+ Kxf8 28. Bxa7 Ke7 29. Nb6 Ba6 30. Na4 Nd3+ {[%emt 0:00:28] [#]} 31. Ke3 $1 Bb5 (31... f6 $16 {might work better.} 32. Nc5 Nxc5 33. Bxc5+ Kd7) 32. Nc3 $18 Ba6 {[%emt 0:00:19] [#]} 33. b4 $1 Ne1 (33... Bc4 $142 34. a4 (34. Kd2 Kd7 $18) 34... Kd7) 34. b5 $18 Bc8 35. Bc5+ Kd7 36. g3 Nc2+ 37. Kd3 Ne1+ 38. Ke2 Nc2 39. a4 Kc7 40. f4 exf4 41. gxf4 Na1 42. Kd3 Nb3 43. Be3 Na5 44. Nb1 Bb7 45. Nd2 f5 46. exf5 exf5 47. Kc3 Bc8 48. Kb4 Nb7 49. a5 Nd6 50. Bd4 Ne8 (50... Bd7 $142 51. Be5 (51. Bxg7 Nxb5 52. Be5+ Kb7 $16) 51... Bxb5 52. Bxd6+ (52. Bxg7 Kc6 $16) 52... Kc6) 51. Kc5 1-0

[Event "NY Presidents Day IM-B 2024"]
[Site "New York"]
[Date "2024.02.16"]
[Round "2.5"]
[White "Tanenbaum, Zachary"]
[Black "Poliannikov, Danila"]
[Result "0-1"]
[ECO "C54"]
[WhiteElo "2272"]
[BlackElo "2282"]
[Annotator "TA"]
[PlyCount "90"]
[EventDate "2024.02.14"]
[EventType "schev"]
[EventCountry "USA"]
[SourceTitle "playchess.com"]
[Source "ChessBase"]
[SourceQuality "1"]
[TimeControl "5400+30"]

1. e4 e5 2. Nf3 Nc6 3. Bc4 Bc5 4. c3 Nf6 5. d3 O-O 6. O-O d5 7. exd5 Nxd5 8. Re1 Bg4 9. Nbd2 Nb6 10. h3 Bh5 11. b4 {[%emt 0:00:07] The position is equal.} Be7 12. Qe2 Nxc4 13. Nxc4 f6 14. b5 Nb8 15. d4 a6 16. b6 cxb6 17. dxe5 Qc7 18. e6 (18. g4 $11 b5 19. Ne3) 18... Bxf3 $1 $15 19. gxf3 {[%emt 0:00:19] And now Be3 would win.} b5 20. Ne3 Qe5 {[%emt 0:00:43] Prevents Nd5} 21. Qd3 {[%emt 0:27:55] [#]} (21. a4 $15) 21... Nc6 $1 $17 22. Ng2 Rad8 23. Qc2 (23. Qe3 {keeps fighting.}) 23... Qd5 24. f4 {[%emt 0:06:48] Dodges Ne5} f5 25. Bb2 (25. Be3 $17) 25... Qd2 26. Rac1 Na5 {[%emt 0:04:49] Black has more active pieces.} 27. Ne3 Qxc2 (27... Nc4 $142 28. Qxd2 (28. Nxf5 $2 Qxf4 29. Nxe7+ Kh8 $19) 28... Rxd2 29. Nxc4 bxc4) 28. Rxc2 Nc4 29. Bc1 Rd3 30. Nxc4 bxc4 31. Be3 Bf6 (31... b5 $142 32. a4 bxa4) 32. Rb1 b5 (32... Rxc3 33. Rxc3 Bxc3 34. Rxb7 $11) 33. a4 $1 bxa4 (33... Rxc3 34. Rxc3 Bxc3 35. axb5 axb5 36. Rxb5 $16) 34. Ra2 Rxc3 (34... Bxc3 35. Rxa4 Bd4 36. Bxd4 Rxd4 37. Rxa6 $16) 35. Rxa4 Rb3 $36 {[%emt 0:00:32][%mdl 2048] Black is in control.} 36. Rc1 c3 37. Rxa6 Rc8 {[%emt 0:00:15] Repels Rc6} 38. Ra5 {[%emt 0:02:18] [#]} (38. Kf1 $17 {might work better.}) 38... g6 (38... Kf8 $1 $19 39. Rxf5 Ke7) 39. Rc5 Rbb8 40. Kf1 Kf8 41. Ra5 Ke7 42. Re1 (42. Ra7+ $17 Kxe6 43. Ra6+ Kf7 44. Ra7+ Kg8 45. Rd7) 42... c2 $19 (42... Kxe6 $2 {is the wrong capture.} 43. Bd4+ Kf7 44. Ra7+ Kf8 45. Bxf6 $18) (42... Kd6 43. Ra6+ Kc7 44. e7 Bxe7 45. Ba7 $18) 43. Bc5+ $2 (43. Ra7+ Ke8 (43... Kxe6 $2 44. Bc1+ Kd5 45. Ra5+ Kd4 46. Ra2 $19) 44. Ke2) 43... Ke8 {[%emt 0:00:06] Hoping for ...Rb1.} 44. Ra7 Rxc5 45. Rxh7 Rb1 {[%emt 0:00:17] Weighted Error Value: White=0.50/Black=0.13 (very precise) .  Mistake:       	White=7     	Black=3      Inaccurate:     	White=4     	Black=1      OK:         	White=15    	Black=21     Best:        	White=1     	Black=3      Strong:       	White=1     	Black=1} 0-1

[Event "NY Presidents Day IM-B 2024"]
[Site "New York"]
[Date "2024.02.16"]
[Round "2.6"]
[White "Wongso, Steve"]
[Black "Pang, Qi"]
[Result "0-1"]
[ECO "D85"]
[WhiteElo "2229"]
[BlackElo "2148"]
[Annotator "TA"]
[PlyCount "76"]
[EventDate "2024.02.14"]
[EventType "schev"]
[EventCountry "USA"]
[SourceTitle "playchess.com"]
[Source "ChessBase"]
[SourceQuality "1"]
[TimeControl "5400+30"]

1. d4 Nf6 2. c4 g6 3. Nc3 d5 4. Nf3 Bg7 5. cxd5 Nxd5 6. e4 Nxc3 7. bxc3 O-O 8. Bc4 c5 9. O-O Bg4 10. Be3 cxd4 11. cxd4 Nc6 12. e5 Na5 13. Bd3 Be6 14. Qe2 Bd5 {[%emt 0:02:00] The position is equal.} 15. Rac1 a6 16. Ng5 b5 17. Rc5 Rc8 18. Rfc1 Nc4 19. e6 {[%emt 0:04:02] [#] aiming for exf7+.} f5 (19... fxe6 20. Nxh7 Rxc5 (20... Kxh7 $2 21. Qh5+ Kg8 22. Bxg6 $18) 21. Nxf8 $14) 20. Nf7 {[%emt 0:02:01] Wards off Rxc5} Qb6 {[%emt 0:02:04] And now ...Rxc5 would win.} 21. Nh6+ Kh8 $1 $132 {[%emt 0:03:08][%mdl 2048] Black is not keeping still} 22. Nf7+ Kg8 {[%emt 0:00:15] White must now prevent ...Rxc5.} 23. Rxd5 Qxe6 (23... Nxe3 $11 24. Rdc5 (24. Qxe3 Rxc1+ 25. Qxc1 Qxe6 $17) 24... Nc4 25. Rxc8 (25. Bxc4 $2 Bxd4 26. Rxc8 Rxc8 $19) 25... Rxc8) 24. Rc5 $14 Qxf7 (24... Nxe3 $2 25. Ng5 Rxc5 26. dxc5 $18) 25. R1xc4 bxc4 26. Bxc4 e6 27. Bg5 (27. d5 $14 Qe7 28. dxe6) 27... Kh8 (27... Bxd4 $2 28. Rxc8 (28. Bxe6 Rxc5 29. Bxf7+ Rxf7 $16) 28... Kg7 29. Bxe6 $18) (27... Rce8 $1 $15) 28. Bxe6 {[%emt 0:00:28] A strong pair of Bishops.} Rce8 {[%emt 0:00:44] Black is weak on the light squares} 29. d5 {[%emt 0:00:44][%mdl 1024] White has compensation.} Qa7 30. Rc6 Rb8 31. g3 (31. Rxa6 Rb1+) 31... Rb2 32. Qe3 (32. Qxa6 $2 Qxf2+ 33. Kh1 Qxh2#) (32. Rxa6 $2 Qd4 33. Qe1 Qd3 $19) 32... Qd4 (32... Bd4 33. Bf7 (33. Bf6+ Rxf6 34. Rc8+ Rf8 $16) 33... Rb7 (33... Bxe3 34. Bf6#) (33... Rxf7 34. Rc8+ Kg7 35. Bh6+ Kf6 36. Qe6#) (33... Rb1+ 34. Kg2 $16) 34. Rc4 $14) 33. Rc7 {[%emt 0:01:08] Threatens to win with Bh6.} (33. Rxa6 $2 Rb1+ 34. Kg2 Qd1 $19) 33... Qd1+ 34. Kg2 {[%emt 0:00:04][%cal Oc7g7] Rxg7! would kill now.} Rb1 $1 {[%emt 0:00:25] ( -> ...Qf1+). Chess con chili.} (34... Rxa2 $2 {perishes.} 35. Rxg7 Qa1 36. Rc7 $18) ({Don't go for} 34... Bd4 $2 35. Bf4 (35. Bh6 Re2 $17) 35... Re2 (35... Rxf2+ $2 36. Qxf2 Bf6 37. Qc2 $18) 36. Rc1 (36. Qf3 $2 Qe1 $19) 36... Rxe3 37. Rxd1 Rxe6 38. dxe6 $18) 35. Kh3 $2 {[%emt 0:04:38][%mdl 8192] [#] White does not recover from this.} (35. Rc1 $11 Rxc1 36. Qxc1 Qxc1 37. Bxc1) 35... Qf1+ {[%emt 0:03:55] Black mates.} 36. Kh4 Qg2 37. h3 Rh1 38. g4 Qxg4# {[%emt 0:00:42] Weighted Error Value: White=0.37/Black=0.07 (flawless) .  Loses game:     	White=1     	---        Mistake:       	White=1     	Black=2      Inaccurate:     	White=2     	---        OK:         	White=8     	Black=9      Best:        	White=3     	Black=4      Strong:       	---       	Black=2} 0-1

[Event "NY Presidents Day IM-B 2024"]
[Site "New York"]
[Date "2024.02.17"]
[Round "3.1"]
[White "Graif, William"]
[Black "Lee, Megan"]
[Result "0-1"]
[ECO "B22"]
[WhiteElo "2302"]
[BlackElo "2267"]
[Annotator "TA"]
[PlyCount "70"]
[EventDate "2024.02.14"]
[EventType "schev"]
[EventCountry "USA"]
[SourceTitle "playchess.com"]
[Source "ChessBase"]
[SourceQuality "1"]
[TimeControl "5400+30"]

1. e4 c5 2. c3 Nf6 3. e5 Nd5 4. Nf3 d6 5. d4 cxd4 6. exd6 e6 7. Nxd4 Bxd6 8. g3 Nc6 9. Bg2 Nxd4 10. Qxd4 O-O 11. O-O Qc7 12. c4 Be5 13. Qh4 Ne7 {[%emt 0:04:59] The position is equal.} 14. Na3 a6 {[%emt 0:02:09] Inhibits Nb5.} 15. Re1 Ng6 16. Qe4 Rb8 17. Qe2 f5 18. f4 Bf6 19. h4 Re8 20. h5 Nf8 21. Be3 Bd7 22. h6 gxh6 23. Qf2 Bc6 24. Bd4 $2 (24. c5 $1 $15) 24... Bxd4 $19 25. Qxd4 Rbd8 26. Qc3 Rd7 ({Black should try} 26... Bxg2 $19 27. Kxg2 h5) 27. Rad1 (27. Bxc6 $17 Qxc6 28. Re2) 27... Rg7 ({Better is} 27... Bxg2 $19 28. Kxg2 Rxd1 29. Rxd1 h5) 28. Bxc6 $17 Qxc6 29. Kf2 (29. Nc2 $17) 29... Ng6 $36 {[%emt 0:01:25][%cal Og6f4][%mdl 2048] [#] ...Nxf4! would now be deadly. Black is really pushing.} 30. Rd4 (30. Qf3 $142) 30... e5 31. Rd5 (31. Qf3 {is the only way for White.}) 31... exf4 32. Rxe8+ Qxe8 33. Qd2 $2 (33. c5 {was worth a try.}) 33... fxg3+ $19 34. Kg1 {[%emt 0:01:03][%cal Od5d8] Rd8! is the strong threat.} Nh4 35. Qd1 {[%emt 0:00:00] [#] Prevents Nf3+} (35. Rd8 $19 Nf3+ 36. Kg2 Nxd2 37. Rxe8+ Kf7 38. Re2) 35... Qe3+ {[%emt 0:00:00] Weighted Error Value: White=0.60/Black=0.17 (very precise) .  Loses game:     	White=1     	---        Mistake:       	White=7     	Black=2      Inaccurate:     	White=1     	Black=1      OK:         	White=7     	Black=8      Best:        	White=1     	Black=1} 0-1

[Event "NY Presidents Day IM-B 2024"]
[Site "New York"]
[Date "2024.02.17"]
[Round "3.2"]
[White "Rajesh, C.S."]
[Black "Tanenbaum, Zachary"]
[Result "1-0"]
[ECO "A29"]
[WhiteElo "2218"]
[BlackElo "2272"]
[Annotator "TA"]
[PlyCount "115"]
[EventDate "2024.02.14"]
[EventType "schev"]
[EventCountry "USA"]
[SourceTitle "playchess.com"]
[Source "ChessBase"]
[SourceQuality "1"]
[TimeControl "5400+30"]

1. c4 e5 2. Nc3 Nf6 3. Nf3 Nc6 4. g3 Bb4 5. Bg2 d6 6. O-O O-O 7. Nd5 Nxd5 8. cxd5 Ne7 9. d4 Ng6 $2 {[%emt 0:08:01] [#]} (9... e4 $11 {und Schwarz ist OK.} 10. Nh4 Ba5) 10. Qa4 $1 $18 c5 11. dxc6 Ba5 12. dxe5 dxe5 {[%emt 0:04:21] [#]} 13. Nxe5 Nxe5 14. cxb7 Bxb7 15. Bxb7 Rb8 16. Bg2 Bb6 17. Bf4 Qf6 18. Rac1 Rbd8 19. Bxe5 Qxe5 20. Qc2 Qa5 21. Qb3 Rd2 22. e3 Qf5 23. Rc4 Qe6 24. Rb4 Qf6 25. Bd5 Qd6 {[%emt 0:03:45] [#]} (25... g6 $16 26. Rf4 Qxb2 27. Rxf7 (27. Bxf7+ Kg7 $18) 27... Rxf7) 26. Rb5 $1 Qf6 27. Qb4 Rc2 28. Be4 Rcc8 29. a4 g6 30. a5 Bc7 31. Rd1 Rb8 32. b3 Rxb5 33. Qxb5 Qc3 34. Rd7 {[%emt 0:00:47] Und Bd5 würde nun gewinnen.} Bxa5 {[%emt 0:00:34] Schwarz ist schwach auf den weissen Feldern} (34... a6 $142 35. Qa4 (35. Qxa6 Rd8 $18) 35... Qxa5) 35. Rxa7 Bd8 36. Bd5 {[%emt 0:00:31][%cal Oa7f7] Schwarz muss nun Rxf7! beachten.} Bc7 37. Qd7 Bb6 38. Ra8 ({Vorzuziehen ist} 38. Bxf7+ $18 Kh8 39. Qe7) 38... Qf6 $2 {[%emt 0:00:32][%mdl 8192] [#]} (38... Rxa8 $11 {und Schwarz muss sich keine Sorgen machen.} 39. Qxf7+ Kh8 40. Bxa8 Qa1+ 41. Kg2 Qxa8+ 42. Kg1 Qa1+ 43. Kg2 Qa8+ 44. Kg1 Qd8) 39. Bxf7+ $1 Kg7 40. Bd5+ Kh6 41. Rxf8 Qxf8 {[%emt 0:00:00][%mdl 4096] Endspiel. KQB-KQB} 42. Qf7 Qc5 (42... Qxf7 43. Bxf7 Kg7) 43. Kg2 Bc7 {[%emt 0:00:36] [#] Es drohte Qf4+} 44. b4 $1 Qd6 45. b5 {[%emt 0:00:35] f4 ist eine echte Drohung.} Bb6 46. h4 Bd8 47. Qe6 (47. g4 $142 Qb4 48. g5+ Bxg5 49. hxg5+ Kxg5 50. Qf4+ (50. Qxh7 Qg4+ 51. Kh2 Kf6 $18) 50... Qxf4 51. exf4+ Kxf4 52. b6) 47... Qb4 (47... Qxe6 $142 48. Bxe6 Kg7) 48. Qd7 Bf6 49. Bc6 Qc5 50. Qd5 Qb4 51. Qe4 Qb2 52. Qe6 (52. Qf4+ $142 g5 53. Qc7 (53. hxg5+ Bxg5 54. Qc7 Qa3 $18) 53... Qe5 54. hxg5+ Qxg5 55. Be4 Be7 56. b6 Qc5 57. Qf4+ Kg7 58. b7) 52... Kg7 53. Bd5 {[%emt 0:00:22] Weiß setzt Matt.} Kh6 54. b6 Bc3 55. b7 Be5 56. g4 Kg7 57. g5 Qe2 58. Qg8# {[%emt 0:00:16] Gewichteter Fehlerwert: Weiß=0.31/Schwarz=0.52.  Verlustzug:     	---       	Schwarz=2     Gewinn verpasst:   	Weiß=1     	---        Fehler:       	---       	Schwarz=3     Ungenau:       	Weiß=2     	Schwarz=2     OK:         	Weiß=18    	Schwarz=10    Bester:       	---       	Schwarz=1     Stark:        	Weiß=1     	---        Brilliant:      	Weiß=1     	---} 1-0

[Event "NY Presidents Day IM-B 2024"]
[Site "New York"]
[Date "2024.02.17"]
[Round "3.3"]
[White "Pang, Qi"]
[Black "Sun, Ryan"]
[Result "1/2-1/2"]
[ECO "A17"]
[WhiteElo "2148"]
[BlackElo "2217"]
[Annotator "RC"]
[PlyCount "128"]
[EventDate "2024.02.14"]
[EventType "schev"]
[EventCountry "USA"]
[SourceTitle "playchess.com"]
[Source "ChessBase"]
[SourceQuality "1"]
[TimeControl "5400+30"]

1. Nf3 d5 2. c4 e6 3. e3 Nf6 4. Nc3 c5 5. cxd5 Nxd5 6. Be2 Nc6 7. O-O Be7 8. b3 Bf6 9. Bb2 Nxc3 10. Bxc3 Bxc3 11. dxc3 Qc7 12. b4 O-O 13. bxc5 Qa5 14. Nd4 Qxc5 15. Rb1 e5 16. Nxc6 Qxc6 17. Qb3 Rb8 18. Qa3 Be6 19. Qxa7 Bd5 20. Qb6 Bxg2 21. Rfd1 Ra8 22. Rd6 Qxb6 23. Rbxb6 Bc6 24. Bb5 Bf3 25. a4 Rfc8 26. c4 h5 27. h4 Rc7 28. Kf1 Kf8 29. Ke1 Ke7 30. Kd2 Rh8 31. Kc3 Rcc8 32. Rd7+ Kf8 33. Kb4 Rh7 34. c5 g5 35. hxg5 Rg7 36. Rh6 Bg4 37. Rxb7 Rxg5 38. Rf6 Be6 39. Bc4 Rg4 40. f4 Bxc4 41. Kxc4 exf4 42. Rbxf7+ Kg8 43. Rxf4 Rg1 44. Rf1 Rg2 45. R7f2 Rg3 46. Rf3 Rg2 47. R1f2 Rg1 48. Rf1 Rg2 49. R3f2 Rg3 50. Rf5 Ra8 51. Rxh5 Rxa4+ 52. Kd5 Kg7 53. Re5 Rg2 54. Re7+ Kg6 55. Rf4 Ra5 56. Re6+ Kg7 57. Ree4 Rg5+ 58. Kd6 Raxc5 59. Re7+ Kg6 60. Re6+ Kg7 61. Re7+ Kg6 62. e4 Ra5 63. Re6+ Kg7 64. Re7+ Kg6 1/2-1/2

[Event "NY Presidents Day IM-B 2024"]
[Site "New York"]
[Date "2024.02.17"]
[Round "3.4"]
[White "Jimenez Fraga, Pedro Alejandro"]
[Black "Xu, Grant"]
[Result "1-0"]
[ECO "B07"]
[WhiteElo "2447"]
[BlackElo "2313"]
[Annotator "RC"]
[PlyCount "79"]
[EventDate "2024.02.14"]
[EventType "schev"]
[EventCountry "USA"]
[SourceTitle "playchess.com"]
[Source "ChessBase"]
[SourceQuality "1"]
[TimeControl "5400+30"]

1. e4 d6 2. d4 Nf6 3. f3 c6 4. Be3 e5 5. c4 exd4 6. Bxd4 Be7 7. Nc3 O-O 8. Nge2 Re8 9. g3 Na6 10. Bg2 Be6 11. b3 d5 12. cxd5 cxd5 13. e5 Nd7 14. O-O Nb6 15. f4 f6 16. Kh1 fxe5 17. fxe5 Bc5 18. Nf4 Qg5 19. Bxc5 Nxc5 20. Qd4 Rac8 21. Rae1 Kh8 22. Nb5 Bg8 23. Nd6 Ne6 24. Nxe6 Bxe6 25. a4 Rcd8 26. a5 Nc8 27. Nxe8 Rxe8 28. Bxd5 Qd8 29. Rd1 Bh3 30. Rf7 Ne7 31. Bg2 Qxd4 32. Rxd4 Kg8 33. Rf2 Bxg2+ 34. Kxg2 Nc6 35. Rd7 Rxe5 36. Rxb7 Rxa5 37. Rc7 Nd8 38. Rd7 Nc6 39. Rd6 Rc5 40. b4 1-0

[Event "NY Presidents Day IM-B 2024"]
[Site "New York"]
[Date "2024.02.17"]
[Round "3.5"]
[White "Poliannikov, Danila"]
[Black "Bortnyk, Mykola"]
[Result "0-1"]
[ECO "B42"]
[WhiteElo "2282"]
[BlackElo "2421"]
[Annotator "RC"]
[PlyCount "120"]
[EventDate "2024.02.14"]
[EventType "schev"]
[EventCountry "USA"]
[SourceTitle "playchess.com"]
[Source "ChessBase"]
[SourceQuality "1"]
[TimeControl "5400+30"]

1. e4 c5 2. Nf3 e6 3. d4 cxd4 4. Nxd4 a6 5. Bd3 Bc5 6. Nb3 Ba7 7. O-O Nc6 8. c4 Nge7 9. Nc3 O-O 10. Qe2 f5 11. exf5 Nxf5 12. Bxf5 Rxf5 13. Ne4 d5 14. Ng3 Re5 15. Qg4 dxc4 16. Qxc4 Bd7 17. Bd2 Rc8 18. Qg4 Rd5 19. Nh5 g6 20. Ng3 Ne5 21. Qh3 Rc4 22. Ne2 Rd3 23. Be3 Rh4 24. Qg3 Ng4 25. Bxa7 Rxg3 26. hxg3 Bb5 27. Rfd1 Qf6 28. Nf4 g5 29. gxh4 gxf4 30. Nd4 Qxh4 31. Nf3 Qf6 32. Rd6 Bc6 33. Re1 Bxf3 34. Rdxe6 Qg5 35. Re8+ Kf7 36. R1e7+ Qxe7 37. Rxe7+ Kxe7 38. gxf3 Ne5 39. Kg2 Ke6 40. Bd4 Nd3 41. Bc3 b5 42. a3 Kf5 43. Kf1 Nc5 44. Kg2 Nb3 45. Kh3 Kg5 46. Kg2 a5 47. Kf1 a4 48. Kg2 Kf5 49. Kh3 Nc5 50. Kg2 Nd3 51. Kf1 Ke6 52. Ke2 Ne5 53. Ba5 h5 54. Bd8 Kf5 55. Be7 Nc4 56. Kd3 Nxb2+ 57. Kc3 Nc4 58. Kb4 Ne5 59. Kxb5 Nxf3 60. Kxa4 Ng5 0-1

[Event "NY Presidents Day IM-B 2024"]
[Site "New York"]
[Date "2024.02.17"]
[Round "3.6"]
[White "Lima, Darcy"]
[Black "Wongso, Steve"]
[Result "1/2-1/2"]
[ECO "A20"]
[WhiteElo "2370"]
[BlackElo "2229"]
[Annotator "RC"]
[PlyCount "69"]
[EventDate "2024.02.14"]
[EventType "schev"]
[EventCountry "USA"]
[SourceTitle "playchess.com"]
[Source "ChessBase"]
[SourceQuality "1"]
[TimeControl "5400+30"]

1. c4 e5 2. g3 Nf6 3. Bg2 c6 4. Nf3 e4 5. Nd4 Qb6 6. Nb3 a5 7. d3 a4 8. N3d2 Bc5 9. O-O e3 10. fxe3 Bxe3+ 11. Kh1 O-O 12. Nc3 Ng4 13. Nde4 d5 14. cxd5 Bxc1 15. Qxc1 Ne3 16. Rf3 Nxd5 17. h3 Nd7 18. g4 Ne5 19. Rg3 Ng6 20. Qd2 f5 21. gxf5 Bxf5 22. Rg1 Qc7 23. Bf3 Ndf4 24. Nf2 Rad8 25. Nce4 Qe5 26. Qc3 Qe6 27. a3 h5 28. h4 Qe7 29. Rg5 Ne6 30. Rxh5 Nxh4 31. Bg4 Nf4 32. Rg5 Ne6 33. Rh5 Nf4 34. Rg5 Ne6 35. Rh5 1/2-1/2

[Event "NY Presidents Day IM-B 2024"]
[Site "New York"]
[Date "2024.02.17"]
[Round "4.1"]
[White "Lee, Megan"]
[Black "Tanenbaum, Zachary"]
[Result "0-1"]
[ECO "C63"]
[WhiteElo "2267"]
[BlackElo "2272"]
[Annotator "TA"]
[PlyCount "82"]
[EventDate "2024.02.14"]
[EventType "schev"]
[EventCountry "USA"]
[SourceTitle "playchess.com"]
[Source "ChessBase"]
[SourceQuality "1"]
[TimeControl "5400+30"]

1. e4 e5 2. Nf3 Nc6 3. Bb5 f5 4. d3 fxe4 5. dxe4 Nf6 6. O-O d6 7. Qd3 a6 8. Bxc6+ bxc6 9. Qc4 {[%emt 0:04:51] The position is equal.} Bd7 10. Nc3 Qe7 11. Qb3 Bc8 12. Rd1 Qf7 13. Qa4 Bd7 14. Qa5 Bg4 15. Rd3 h6 16. b4 Be6 ({Black should play} 16... Be7 $11) 17. Nd2 (17. b5 $1 $14) 17... d5 $15 {[%emt 0:26:26] Threatens to win with ...Bd6.} 18. exd5 {[%emt 0:15:08] White is now going downhill.} (18. Qa4 $1 $11 Bd7 19. Qb3) 18... cxd5 $17 19. Nb5 {[%emt 0:00:21] [#]} Bd6 $40 {[%emt 0:04:22][%mdl 128] Black is out for blood.} 20. c4 (20. Nxd6+ $142 cxd6 21. Qb6) 20... O-O $19 (20... dxc4 21. Rxd6 (21. Nxd6+ cxd6 22. Rxd6 O-O $17) 21... O-O 22. Rxa6 $16 (22. Qxc7 $2 axb5 23. Qxf7+ Bxf7 $17) (22. Nxc7 Ne8 $11)) 21. Nxd6 cxd6 22. cxd5 Bxd5 (22... Nxd5 23. Ne4 Qg6 24. Rxd5 Qxe4 25. Rd1 $19) 23. Bb2 Rac8 24. Bc3 e4 25. Rh3 {[%emt 0:04:15] [#]} (25. Rg3 Nh5 26. Bd4 Nxg3 27. hxg3) 25... e3 $1 {[%emt 0:00:39][%mdl 512] White must now prevent ...Ng4.} 26. Rxe3 (26. Rf1 exd2) 26... Ng4 $1 27. Rf1 {[%emt 0:00:46] [#]} Bxg2 $1 28. Kxg2 Nxe3+ (28... Qb7+ 29. Re4 Rxc3 30. Kg1 $19) 29. fxe3 Qg6+ 30. Kh1 Rxf1+ 31. Nxf1 Rxc3 {[%emt 0:01:14][%mdl 4096] Endgame. KQR-KQN} 32. Ng3 {[%emt 0:00:45] Wards off Qe4+} Rc1+ 33. Kg2 Rc2+ 34. Kf3 Qf7+ 35. Ke4 Qe6+ 36. Kf3 Rxa2 37. Qd8+ Kh7 38. h4 Qd5+ {[%emt 0:01:33] Black mates.} 39. Kg4 {[%emt 0:00:45] [#]} h5+ $1 40. Nxh5 Qe4+ 41. Nf4 Rg2+ {[%emt 0:00:16] Weighted Error Value: White=1.12/Black=0.62.  Mistake:       	White=4     	Black=1      Inaccurate:     	White=3     	Black=2      OK:         	White=4     	Black=8      Best:        	White=1     	Black=1} 0-1

[Event "NY Presidents Day IM-B 2024"]
[Site "New York"]
[Date "2024.02.17"]
[Round "4.2"]
[White "Rajesh, C.S."]
[Black "Pang, Qi"]
[Result "1-0"]
[ECO "A11"]
[WhiteElo "2218"]
[BlackElo "2148"]
[Annotator "RC"]
[PlyCount "99"]
[EventDate "2024.02.14"]
[EventType "schev"]
[EventCountry "USA"]
[SourceTitle "playchess.com"]
[Source "ChessBase"]
[SourceQuality "1"]
[TimeControl "5400+30"]

1. Nf3 d5 2. g3 Nf6 3. Bg2 Bf5 4. c4 c6 5. cxd5 cxd5 6. Qb3 Qb6 7. Qxb6 axb6 8. Nc3 Nc6 9. d3 e6 10. O-O Bc5 11. a3 O-O 12. Bd2 Rfc8 13. Nb5 Nd7 14. Rfc1 Bg4 15. Bc3 Be7 16. b4 Bxf3 17. Bxf3 Na7 18. Nxa7 Rxa7 19. Bb2 Raa8 20. e4 Bf6 21. d4 Bg5 22. Rxc8+ Rxc8 23. exd5 Rc2 24. Rb1 Nf6 25. h4 Bh6 26. d6 Kf8 27. Bxb7 Ke8 28. a4 Bd2 29. b5 Bb4 30. Bc6+ Kd8 31. d7 Nxd7 32. d5 Bc5 33. dxe6 Rxf2 34. Kh1 fxe6 35. Bxg7 Rd2 36. Rf1 Rf2 37. Rd1 Rf7 38. Rxd7+ Rxd7 39. Bxd7 Kxd7 40. Be5 h5 41. Kg2 Be7 42. Kf3 Ke8 43. Bc7 Bc5 44. Kf4 Kd7 45. Be5 Be7 46. g4 hxg4 47. h5 Bf8 48. Kg5 Be7+ 49. Kxg4 Bf8 50. Kg5 1-0